 Dungeon Crawl Stone Soup version 0.15.1-3-g1b33baa (webtiles) character file.

132 Johnny the Chiller (level 4, -4/36 HPs)
             Began as a Demigod Ice Elementalist on Oct 4, 2014.
             Slain by Chiseanne's ghost (11 damage)
             ... on Level 3 of the Dungeon.
             The game lasted 00:04:41 (1884 turns).

Johnny the Chiller (Demigod Ice Elementalist)       Turns: 1884, Time: 00:04:41

HP  -4/36        AC  7     Str 11      XL: 4   Next: 62%
MP   6/11        EV  9     Int 22      God:
Gold 147         SH  0     Dex 16      Spells:  2 memorised,  3 levels left

rFire  . . .     SeeInvis +     u - +4 quarterstaff (chaos)
rCold  . . .     Clarity  .     d - +0 ring mail
rNeg   . . .     rCorr    .     (no shield)
rPois  +         rRot     .     (no helmet)
rElec  .         Spirit   .     v - +0 cloak {rPois}
SustAb .         Warding  .     g - +0 pair of gloves
rMut   .         Stasis   .     (no boots)
Gourm  .                        (no amulet)
MR     .....                    k - ring of regeneration
                                m - ring of see invisible

@: not resistant to hostile enchantments, very unstealthy
A: no striking features
a: no special abilities


You were on level 3 of the Dungeon.
You were very hungry.

You visited 1 branch of the dungeon, and saw 3 of its levels.

You collected 147 gold pieces.

Inventory:

Hand weapons
 e - a +0 club
 u - a +4 quarterstaff of chaos (weapon)
Armour
 d - a +0 ring mail (worn)
 g - a +0 pair of gloves (worn)
 v - a +0 cloak of poison resistance (worn)
Magical devices
 t - a wand of flame (0)
Comestibles
 c - 2 bread rations
 f - 2 meat rations
Scrolls
 h - a scroll of teleportation
 p - 4 scrolls of identify
 r - a scroll of recharging
Jewellery
 k - a ring of regeneration (right hand)
 l - an uncursed amulet of stasis
 m - a ring of see invisible (left hand)
 s - an uncursed ring of invisibility
Potions
 a - 3 potions of heal wounds
 i - a potion of flight {unknown}
 j - 2 potions of curing {unknown}
 n - a potion of brilliance {unknown}
 o - a potion of degeneration {unknown}
 q - a potion of might {unknown}
Books
 b - a book of Frost

   Spells                             Type                      Level
   *Freeze                            Ice                          1
   Throw Frost                        Conjuration/Ice              2
   Ozocubu's Armour                   Charms/Ice                   3
   Throw Icicle                       Conjuration/Ice              4
   *Summon Ice Beast                  Ice/Summoning                4
   Condensation Shield                Ice                          4


   Skills:
 * Level 2.1 Fighting
 + Level 0.8 Armour
 + Level 2.1 Dodging
 + Level 1.9 Stealth
 * Level 2.7 Spellcasting
   Level 0.8 Conjurations
 * Level 3.3 Ice Magic


You had 3 spell levels left.
You knew the following spells:

 Your Spells              Type           Power        Failure   Level  Hunger
a - Freeze                Ice            ###.         6%          1    None
b - Summon Ice Beast      Ice/Summ       ##......     93%         4    ####...


Dungeon Overview and Level Annotations

Branches:
Dungeon (3/15)

Annotations:
D:3 Chiseanne's ghost, average CeMo


Message History

Casting: Freeze
Confirm with . or Enter, or press ? or * to list all spells.
Aiming: Freeze
Press: ? - help, Shift-Dir - straight line, f/p - Chiseanne's ghost
Aim: Chiseanne's ghost (severely damaged)
You freeze Chiseanne's ghost.
Chiseanne's ghost is severely damaged.
Chiseanne's ghost hits you!
* * * LOW HITPOINT WARNING * * *
Casting: Freeze
Confirm with . or Enter, or press ? or * to list all spells.
Aiming: Freeze
Press: ? - help, Shift-Dir - straight line, f/p - Chiseanne's ghost
Aim: Chiseanne's ghost (severely damaged)
You freeze Chiseanne's ghost.
Chiseanne's ghost is severely damaged.
Chiseanne's ghost hits you.
* * * LOW HITPOINT WARNING * * *
Chiseanne's ghost hits you!
You die...

#######
#.####.#####...
......#
###.#....W...W...
#####.#
#.....##.#####... #.#
#.#.#.##.# #.#
#.#.#.##%# #.#
#.#......#
###.######.##..####
#.......##.##.W#
#.#.###.##.##.@#
#..#.# #.##.##..##
#...#.###.##......##
............(........
#....###..#####...##
. .. #..# #..## .#
#..# ..... ...# ###..
##### .


You could see Chiseanne's ghost.

Vanquished Creatures
  Crazy Yiuf (D:2)
  Ijyb (D:2)
  3 gnolls (D:2)
  A shadow imp (D:3)
  2 adders
  A giant gecko (D:1)
  An ooze (D:2)
  4 bats
  3 giant cockroaches
  3 goblins (D:1)
  4 hobgoblins
  2 quokkas (D:2)
  A giant newt (D:1)
  3 kobolds (D:1)
  2 rats (D:3)
32 creatures vanquished.

Notes
Turn   | Place    | Note
--------------------------------------------------------------
     0 | D:1      | Johnny, the Demigod Ice Elementalist, began the quest for the Orb.
     0 | D:1      | Reached XP level 1. HP: 14/14 MP: 3/3
   317 | D:1      | Reached skill level 1 in Fighting
   317 | D:1      | Reached XP level 2. HP: 21/23 MP: 3/5
   620 | D:2      | Noticed Ijyb
   641 | D:2      | Killed Ijyb
   641 | D:2      | Reached skill level 3 in Ice Magic
   641 | D:2      | Reached XP level 3. HP: 23/28 MP: 0/8
  1225 | D:2      | Found a glowing golden altar of the Shining One.
  1263 | D:2      | Reached XP level 4. HP: 36/36 MP: 6/11
  1269 | D:2      | Learned a level 4 spell: Summon Ice Beast
  1343 | D:2      | Noticed Crazy Yiuf
  1374 | D:2      | Killed Crazy Yiuf
  1869 | D:3      | Noticed Chiseanne's ghost (average CeMo)
  1884 | D:3      | Slain by Chiseanne's ghost

Action                   |  1- 3 |  4- 6 || total
-------------------------+-------+-------++-------
Melee: Club              |    42 |       ||    42
       Unarmed           |     5 |       ||     5
       Quarterstaff      |       |    10 ||    10
 Cast: Freeze            |    41 |    10 ||    51
Evoke: Wand              |       |     3 ||     3
  Use: Scroll            |       |     4 ||     4
 Stab: Sleeping          |     2 |       ||     2
  Eat: Chunk             |     1 |       ||     1
       Pizza             |       |     1 ||     1
